Map: [ESL] Stargazers

Players

PureLegacy

  • Race: Terran Terran
  • Spawn Location: 11:00

DisK - Winner!

  • Race: Protoss Protoss
  • Spawn Location: 1:00

Event: DreamHack SC2 Masters 2022 Atlanta (Online)

VOD

Have the link to the VOD?

Description

Time

  • Played on: Oct. 4, 2022, 5:33 p.m.
  • Length: 6:44

All games in this series

Show
View Real Time Build Order
Export as new Build Order

PureLegacy Terran 

Build Orders: Hellion Opening, Reaper Expand 

Get SALT Encoding   

  12  0:00  SCV  
  13  0:12  SCV  
  14  0:17  Supply Depot  
  14  0:24  SCV  
  15  0:38  SCV  
  15  0:40  Barracks  
  16  0:44  Refinery  
  16  0:50  SCV  
  17  1:02  SCV  
  18  1:15  SCV  
  19  1:27  Reaper  
  19  1:28  Orbital Command  
  20  1:47  Command Center  
  20  1:53  Supply Depot  
  20  1:54  SCV  
  20  1:59  Marine  
  22  2:06  SCV  
  23  2:09  Factory  
  23  2:20  Bunker  
  23  2:21  Barracks Reactor  
  23  2:24  SCV  
  23  2:26  Refinery  
  24  2:36  SCV  
  25  2:48  SCV  
  26  2:57  Starport  
  26  3:00  SCV  
  26  3:04  Hellion x2  
  31  3:09  Orbital Command  
  31  3:11  Barracks Tech Lab  
  31  3:12  SCV  
  32  3:24  SCV  
  32  3:25  Hellion  
  32  3:26  Hellion  
  36  3:36  SCV, Medivac  
  36  3:37  SCV  
  36  3:40  Supply Depot  
  44  3:48  SCV, Hellion x2  
  44  3:49  SCV  
  44  4:00  SCV  
  44  4:01  SCV  
  44  4:02  Supply Depot  
  46  4:12  SCV  
  46  4:13  SCV  
  46  4:15  Marine x2  
  46  4:16  Starport Tech Lab  
  50  4:20  Barracks  
  50  4:21  Barracks  
  50  4:24  Bunker, Siege Tank  
  53  4:29  Supply Depot, SCV x2  
  55  4:37  Refinery  
  58  4:39  Raven  
  58  4:41  SCV x2  
  57  4:53  SCV x2  
  57  4:54  Engineering Bay  
  57  4:56  Marine x2  
  57  4:57  Siege Tank  
  64  5:00  Refinery  
  64  5:02  Supply Depot  
  64  5:05  SCV x2  
  66  5:08  Marine  
  67  5:14  Marine x2  
  67  5:18  SCV  
  67  5:27  Marine  
  59  5:37  Marauder  
  59  5:38  Marine x2  
  59  5:39  Factory Tech Lab  
  59  5:40  SCV  
  59  5:42  SCV  
  63  5:48  Starport Reactor  
  58  5:50  Marine  
  58  5:52  SCV  
  58  5:54  Barracks x2, SCV  
  58  5:55  Marine  
  58  5:56  Marine  
  57  5:58  Marauder  
  57  5:59  Siege Tank  
  60  6:04  Supply Depot, SCV  
  60  6:06  SCV  
Show
View Real Time Build Order
Export as new Build Order

DisK Protoss - Winner!

Build Orders: 1 Gate Expand, Blink Stalkers 

Get SALT Encoding   

  12  0:00  Probe  
  13  0:12  Probe  
  14  0:17  Pylon  
  14  0:24  Probe  
  15  0:35  Gateway  
  15  0:37  Probe (Chrono Boost)  
  16  0:46  Probe (Chrono Boost)  
  16  0:47  Assimilator  
  17  0:51  Probe (Chrono Boost)  
  18  1:03  Probe  
  19  1:15  Probe  
  20  1:22  Cybernetics Core  
  20  1:33  Nexus  
  20  1:36  Probe  
  21  1:43  Assimilator  
  21  1:48  Probe  
  21  1:51  Pylon  
  22  2:00  Probe  
  23  2:03  Warp Gate  
  23  2:06  Adept (Chrono Boost)  
  23  2:12  Probe  
  25  2:24  Probe  
  25  2:27  Twilight Council  
  26  2:31  Stalker  
  28  2:37  Probe  
  29  2:49  Probe (Chrono Boost)  
  30  2:52  Probe (Chrono Boost)  
  31  3:00  Gateway, Probe (Chrono Boost)  
  31  3:01  Blink (Chrono Boost)  
  31  3:02  Probe (Chrono Boost)  
  31  3:05  Probe (Chrono Boost)  
  33  3:09  Probe  
  35  3:15  Probe  
  36  3:24  Probe  
  36  3:25  Robotics Facility  
  37  3:27  Probe  
  37  3:29  Pylon  
  38  3:36  Probe  
  38  3:39  Gateway  
  38  3:40  Probe  
  38  3:47  Shield Battery  
  38  3:50  Gateway  
  38  3:51  Probe  
  38  3:55  Stalker  
  41  3:57  Stalker  
  41  3:58  Probe  
  41  4:01  Assimilator  
  44  4:03  Probe  
  45  4:12  Probe  
  45  4:14  Pylon  
  45  4:16  Warp Prism  
  48  4:21  Stalker  
  48  4:23  Probe  
  51  4:28  Stalker  
  53  4:37  Stalker  
  51  4:52  Stalker x2  
  53  4:54  Stalker  
  53  4:58  Probe x2  
  59  5:00  Pylon  
  59  5:07  Stalker  
  59  5:10  Probe  
  62  5:19  Stalker x3  
  62  5:20  Probe  
  69  5:34  Probe  
  69  5:40  Pylon  
  67  5:59  Stalker x4  
  67  6:01  Nexus  
  75  6:07  Pylon  
Tags
 
Add a new tag
Caveats
  • Supply blocks, unpowered buildings, or Contaminate may cause inaccurate times.
  • Supply counts are checked every 10 seconds.